 Dungeon Crawl Stone Soup version 0.22-a0-480-g991dd4b (webtiles) character file.

42 Darkshadow the Chopper (level 3, -1/33 HPs)
             Began as a Hill Orc Monk on June 16, 2018.
             Slain by an adder (2 damage)
             ... on level 2 of the Dungeon.
             The game lasted 00:05:59 (1558 turns).

Darkshadow the Chopper (Hill Orc Monk)              Turns: 1558, Time: 00:06:00

Health: -1/33      AC:  2    Str: 14    XL:     3   Next: 56%
Magic:  3/3        EV: 13    Int: 10    God:
Gold:   49         SH:  0    Dex: 13    Spells: 2/2 levels left

rFire    . . .     SeeInvis .   a - +0 hand axe
rCold    . . .     Gourm    .   (no shield)
rNeg     . . .     Faith    .   b - +0 robe
rPois    .         Spirit   .   (no helmet)
rElec    .         Reflect  .   (no cloak)
rCorr    .         Harm     .   (no gloves)
MR       .....                  (no boots)
Stlth    ++........             (no amulet)
HPRegen  0.11/turn              (no ring)
MPRegen  0.08/turn              (no ring)

@: lethally poisoned (-1 -> -7)
A: no striking features
a: no special abilities


You were on level 2 of the Dungeon.
You were very hungry.

You visited 1 branch of the dungeon, and saw 3 of its levels.

You collected 49 gold pieces.

Inventory:

Hand Weapons
 a - a +0 hand axe (weapon)
Missiles
 l - 33 stones (quivered)
Armour
 b - a +0 robe (worn)
 g - a +0 cloak
Jewellery
 e - an uncursed ring of see invisible {unknown}
 k - an uncursed ring of protection from fire {unknown}
Scrolls
 d - 2 scrolls of teleportation {unknown}
 i - 4 scrolls of identify {unknown}
Potions
 f - a potion of degeneration {unknown}
 h - 2 potions of might {unknown}
 j - a potion of curing {unknown}
 n - a potion of agility {unknown}
Comestibles
 c - 5 rations


   Skills:
 + Level 4.1 Fighting
 * Level 5.1 Axes
 + Level 1.4 Armour
 - Level 2.4 Dodging
 - Level 1.5 Stealth


You had 2 spell levels left.
You didn't know any spells.
Your spell library was empty.

Dungeon Overview and Level Annotations

Branches:
Dungeon (3/15)

Altars:
Kikubaaqudgha
Sif Muna


Message History

There is a stone staircase leading down, spattered with blood here.
There are monsters nearby!
There are monsters nearby!
You hit the kobold.
The kobold is heavily wounded.
You closely miss the adder.
You feel sick. The adder bites you. The kobold hits you with a short sword.
You slash the kobold!
You kill the kobold!
You hit the adder. The adder misses you. The adder bites you.
You barely miss the rat. You hit the adder. The adder bites you.
* * * LOW HITPOINT WARNING * * *
The rat misses you.
You hit the rat.
You kill the rat!
You closely miss the adder.
You feel sick. The adder bites you.
* * * LOW HITPOINT WARNING * * *
You are more poisoned.
The adder poisons you! The adder bites you.
You die...

#≈≈...≈≈##....##.# #.........
#≈≈._...'..†.....# #.......[.
#≈≈...≈≈####.##...###........
#≈≈≈≈≈≈≈# #.# #..#
##≈≈≈≈≈#####.# #...
########..#S# ...# ##.#.# .?#
##...#####..#..#
#.......@)......
##...###.S..$.##
#.....#.#....# #...#...#....#
#.#.....# ..... #....##.#
....# ##..)##.# ...#
##..##.#)..... #.........


You could see an adder.

Vanquished Creatures
  3 dart slugs (D:1)
  2 leopard geckos
  A ball python (D:1)
  2 bats (D:1)
  A giant cockroach (D:1)
  6 goblins (D:1)
  3 hobgoblins (D:1)
  3 jackals (D:1)
  A frilled lizard (D:1)
  5 kobolds
  4 rats
31 creatures vanquished.

Notes
Turn   | Place    | Note
-------+----------+-------------------------------------------
     0 | D:1      | Darkshadow the Hill Orc Monk began the quest for the Orb.
     0 | D:1      | Reached XP level 1. HP: 19/19 MP: 1/1
   181 | D:1      | Reached XP level 2. HP: 27/27 MP: 2/2
   583 | D:1      | Reached skill level 1 in Armour
   870 | D:1      | Reached XP level 3. HP: 33/33 MP: 3/3
  1069 | D:1      | Reached skill level 5 in Axes
  1459 | D:2      | Found a deep blue altar of Sif Muna.
  1545 | D:3      | Found an ancient bone altar of Kikubaaqudgha.
  1558 | D:2      | HP: 1/33 [adder (4)]
  1558 | D:2      | Slain by an adder

Vault maps used:
D:1:      dpeg_arrival_long_road, st_stairs_7
D:2:      led_sif_pool, uniq_crazy_yiuf_cottage
D:3:      nicolae_overflow_crystal_walls, kiku_gazebo_garden_becter

Skill      XL: |  1  2  3 |
---------------+----------+-----
Armour         | 1 |  1.4
Fighting       | 4 |  4.1
Axes           | 5 |  5.1
Dodging        | |  2.4
Stealth        | |  1.5

Action                   || total
-------------------------++-------
Melee: Hand axe          ||   104
Throw: Stone             ||     2
  Eat: Chunk             ||     1
Armor: Robe              ||    18
Dodge: Dodged            ||    72

Table legend:
 A = Spawn XP
 B = Non-spawn XP
 C = Spawn XP percentage of total XP
 D = Spawn monster count
 E = Non-spawn monster count
 F = Spawn count percentage of total count
 G = Total turns spent on level
                    A         B        C        D         E        F      G
               +---------+---------+-------+---------+---------+-------+---------
         Total |       0 |      61 |   0.0 |       0 |      31 |   0.0 |  1558
               +---------+---------+-------+---------+---------+-------+---------
           D:1 |       0 |      52 |   0.0 |       0 |      26 |   0.0 |  1412
           D:2 |       0 |       8 |   0.0 |       0 |       4 |   0.0 |   137
           D:3 |       0 |       1 |   0.0 |       0 |       1 |   0.0 |     9
               +---------+---------+-------+---------+---------+-------+---------
